AoeStats
← Santi Povs

Arena

505046974Analyzed
2v2 RM · 24d ago on Sep 7, 2026· 40m 52s· 4 players
Game mode
Random Map
Map size
Medium (4 player)
Population
200
Speed
Normal
Resources
Standard
Victory
Conquest
Starting age
Dark Age
Ending age
Imperial Age
RankedLock teamsTeams togetherTeam positionsShared explorationLock speedFull tech treeHidden civsTurbo modeCheats
Victory
Defeat
🇨🇴 Celts · Colombia
1016
+13
🇨🇴 Romans · Colombia
957
+17
🇺🇸 Mongols · United States
955
-44
🇺🇸 Byzantines · United States
955
-44
rogan
7:32 Loom
9:50 Feudal Age
11:05 Double-Bit Axe
14:28 Horse Collar
19:56 Castle Age
18:33 Gold Mining
20:56 Scale Mail Armor
21:08 Forging
23:06 Iron Casting
23:37 Scale Barding Armor
24:27 Stone Mining
29:40 Stone Shaft Mining
30:45 Wheelbarrow
32:57 Chain Mail Armor
33:02 Chain Barding Armor
37:43 Imperial Age
36:50 Heavy Plow
37:04 Bow Saw
37:34 Gold Shaft Mining
36:28 Pikeman
37:10 Squires
36:59 Arson
38:34 Logistica
39:55 Crop Rotation
40:27 Two-Man Saw
40:35 Plate Barding Armor
39:46 Elite Cataphract
41:11 Plate Mail Armor
rogan
9:03 Feudal Age
8:54 Loom
9:28 Double-Bit Axe
9:27 Horse Collar
11:10 Gold Mining
19:41 Castle Age
18:23 Stone Mining
19:40 Wheelbarrow
20:36 Thumb Ring
20:49 Bow Saw
20:41 Heavy Plow
23:04 Stone Shaft Mining
22:40 Fletching
22:51 Padded Archer Armor
23:34 Hand Cart
23:10 Loom
23:53 Bodkin Arrow
24:20 Town Watch
25:48 Gold Shaft Mining
25:40 Leather Archer Armor
27:13 Murder Holes
33:30 Scale Mail Armor
33:41 Forging
33:32 Squires
32:54 Pikeman
37:21 Masonry
Santi Povs
10:34 Feudal Age
14:27 Castle Age
12:32 Double-Bit Axe
17:09 Loom
22:49 Bow Saw
22:41 Town Watch
24:06 Wheelbarrow
29:01 Imperial Age
27:02 Scale Mail Armor
27:27 Forging
28:28 Hand Cart
28:36 Chain Mail Armor
28:53 Gold Mining
28:56 Stone Mining
28:48 Horse Collar
30:39 Iron Casting
30:51 Gold Shaft Mining
29:55 Elite Skirmisher
31:26 Heavy Scorpion
32:07 Pikeman
32:37 Capped Ram
33:24 Fletching
33:35 Padded Archer Armor
35:21 Chemistry
35:12 Siege Ram
35:33 Halberdier
36:38 Bodkin Arrow
36:59 Leather Archer Armor
NickyCash
10:20 Feudal Age
8:36 Loom
15:34 Castle Age
13:25 Horse Collar
13:59 Double-Bit Axe
15:39 Stone Mining
15:40 Gold Mining
27:40 Padded Archer Armor
27:31 Fletching
29:54 Elite Skirmisher
36:50 Imperial Age
35:25 Ballistas
36:56 Heavy Scorpion
38:19 Wheelbarrow
37:31 Town Watch
37:58 Bow Saw
38:26 Gold Shaft Mining
38:36 Conscription
40:50 Chemistry
40:20 Siege Engineers
Connection lost

Rejoining the realm…

Still unreachable

The connection could not be restored.

Session expired

The server has moved on; the page needs a fresh start.